PCL
GRESHAM GOLD SOULS @ HOUSTON HAMMERTIME
09/13/2030
 
TOP OF THE 1ST
Gresham Gold Souls batting - Pitching for Houston Hammertime : LHP Martin White
Pitching: LHP Martin White
Batting: RHB Norm Francis 0-0: Ball
1-0: Ball
2-0: Fly out, F8 (Flyball, 8LXD)
Batting: RHB Jim Villiers 0-0: Ball
1-0: Called Strike
1-1: SINGLE (Line Drive, 6D)
Batting: RHB Alberto Chávez 0-0: Ball
1-0: Called Strike
1-1: Called Strike
1-2: Ball
2-2: Foul Ball, location: 2F
2-2: Ball
3-2: Foul Ball, location: 2F
3-2: Ground out U3 (Groundball, 34S)
Jim Villiers to second
Batting: RHB Willie Houk 0-0: Swinging Strike
0-1: Ball
1-1: Foul Ball, location: 2F
1-2: Strikes out looking
Top of the 1st over - 0 runs, 1 hit, 0 errors, 1 left on base; Gresham 0 - Houston 0
BOTTOM OF THE 1ST
Houston Hammertime batting - Pitching for Gresham Gold Souls : RHP Isaac Coleman
Pitching: RHP Isaac Coleman
Batting: RHB Juan Carlos 0-0: Ball
1-0: Called Strike
1-1: Foul Ball, location: 2F
1-2: Ball
2-2: Ground out 5-3 (Groundball, 56)
Batting: RHB Ron Elazar 0-0: Ball
1-0: Ball
2-0: Ball
3-0: Called Strike
3-1: Called Strike
3-2: Fly out, F2 (Popup, 23F)
Batting: LHB Francisco Cardenas 0-0: Ball
1-0: Foul Ball, location: 2F
1-1: Ball
2-1: Called Strike
2-2: Strikes out swinging
Bottom of the 1st over - 0 runs, 0 hits, 0 errors, 0 left on base; Gresham 0 - Houston 0
TOP OF THE 2ND
Gresham Gold Souls batting - Pitching for Houston Hammertime : LHP Martin White
Batting: RHB Robert Marks 0-0: Called Strike
0-1: Ball
1-1: Ball
2-1: Ball
3-1: Foul Ball, location: 2F
3-2: Base on Balls
Batting: LHB Ezechiele Bruno 0-0: Called Strike
0-1: Foul Ball, location: 2F
0-2: Foul Ball, location: 2F
0-2: Ball
1-2: Foul Ball, location: 2F
1-2: Fly out, F8 (Flyball, 8LS)
Batting: RHB Augusto Baiano 0-0: Ball
1-0: Called Strike
1-1: Foul Ball, location: 2F
1-2: Ball
2-2: Grounds into double play, 4-6-3 (Groundball, 34)
Top of the 2nd over - 0 runs, 0 hits, 0 errors, 0 left on base; Gresham 0 - Houston 0
BOTTOM OF THE 2ND
Houston Hammertime batting - Pitching for Gresham Gold Souls : RHP Isaac Coleman
Batting: LHB Marcos Cantú 0-0: Fly out, F9 (Flyball, 9LS)
Batting: LHB Jeffrey Satterley 0-0: Ball
1-0: Called Strike
1-1: Foul Ball, location: 2F
1-2: SINGLE (Groundball, 34D)
Batting: RHB Raúl Salas 0-0: Ball
1-0: Ball
2-0: Ball
3-0: Called Strike
3-1: Swinging Strike
Passed Ball!
Jeffrey Satterley to second
3-2: Base on Balls
Batting: RHB Santo Cruz 0-0: Ball
1-0: Ball
Wild Pitch!
Jeffrey Satterley to third
Raúl Salas to second
2-0: Called Strike
2-1: Ball
3-1: Foul Ball, location: 2F
3-2: Base on Balls
Batting: LHB António Camacho 0-0: SINGLE (Groundball, 6D)
Jeffrey Satterley scores
Raúl Salas to third
Santo Cruz to second
Batting: LHB Enrique Valentín 0-0: Called Strike
0-1: Ground out 4-3 (Groundball, 4S)
Raúl Salas scores
Santo Cruz to third
António Camacho to second
Batting: RHB Juan Carlos 0-0: Foul Ball, location: 2F
0-1: Ball
1-1: Foul Ball, location: 2F
1-2: Ground out 4-3 (Groundball, 4M)
Bottom of the 2nd over - 2 runs, 2 hits, 0 errors, 2 left on base; Gresham 0 - Houston 2
TOP OF THE 3RD
Gresham Gold Souls batting - Pitching for Houston Hammertime : LHP Martin White
Batting: LHB Jeff Douglas 0-0: Ball
1-0: Ball
2-0: Foul Ball, location: 2F
2-1: DOUBLE (Groundball, 3L)
Batting: LHB Millard Dye 0-0: Ball
1-0: Ball
2-0: Single, Error in OF, E8, batter to second base
Jeff Douglas scores
Batting: RHB Norm Francis 0-0: Called Strike
0-1: Ball
1-1: Ground out 4-3 (Groundball, 6MS)
Millard Dye to third
Batting: RHB Jim Villiers 0-0: Ball
1-0: Called Strike
1-1: Ball
2-1: Foul Ball, location: 2F
2-2: Ground out 6-3 (Groundball, 56)
Millard Dye scores
Batting: RHB Alberto Chávez 0-0: Ball
1-0: Ball
2-0: Foul Ball, location: 2F
2-1: Ground out U3 (Groundball, 3)
Top of the 3rd over - 2 runs, 2 hits, 1 error, 0 left on base; Gresham 2 - Houston 2
BOTTOM OF THE 3RD
Houston Hammertime batting - Pitching for Gresham Gold Souls : RHP Isaac Coleman
Batting: RHB Ron Elazar 0-0: Swinging Strike
0-1: Swinging Strike
0-2: Ball
1-2: Ball
2-2: Ball
3-2: Foul Ball, location: 2F
3-2: Strikes out swinging
Batting: LHB Francisco Cardenas 0-0: Foul Ball, location: 2F
0-1: Foul Ball, location: 2F
0-2: Ball
1-2: Ground out 5-3 (Groundball, 56S)
Batting: LHB Marcos Cantú 0-0: Ball
1-0: SINGLE (Flyball, 7LM)
Batting: LHB Jeffrey Satterley 0-0: Called Strike
0-1: Ball
1-1: Ball
2-1: Called Strike
2-2: Ball
3-2: Ground out 4-3 (Groundball, 4)
Bottom of the 3rd over - 0 runs, 1 hit, 0 errors, 1 left on base; Gresham 2 - Houston 2
TOP OF THE 4TH
Gresham Gold Souls batting - Pitching for Houston Hammertime : LHP Martin White
Batting: RHB Willie Houk 0-0: Called Strike
0-1: Swinging Strike
0-2: Foul Ball, location: 2F
0-2: Fly out, F7 (Flyball, 7)
Batting: RHB Robert Marks 0-0: Ground out 4-3 (Groundball, 4M)
Batting: LHB Ezechiele Bruno 0-0: Called Strike
0-1: Ball
1-1: Fly out, F7 (Flyball, 78M)
Top of the 4th over - 0 runs, 0 hits, 0 errors, 0 left on base; Gresham 2 - Houston 2
BOTTOM OF THE 4TH
Houston Hammertime batting - Pitching for Gresham Gold Souls : RHP Isaac Coleman
Batting: RHB Raúl Salas 0-0: Called Strike
0-1: Ground out 5-3 (Groundball, 5)
Batting: RHB Santo Cruz 0-0: Ball
1-0: Ball
2-0: TRIPLE (Line Drive, 9LD)
Batting: LHB António Camacho 0-0: Ball
1-0: Ball
2-0: Called Strike
2-1: Ball
3-1: Base on Balls
Batting: LHB Enrique Valentín 0-0: Ball
1-0: Called Strike
1-1: Swinging Strike
1-2: Ball
2-2: SINGLE (Groundball, 56D)
Santo Cruz scores
António Camacho to second
António Camacho to third
Batting: RHB Juan Carlos 0-0: Ball
1-0: Ball
2-0: Ground out 6-3 (Groundball, 6MD)
António Camacho scores
Enrique Valentín to second
Batting: RHB Ron Elazar 0-0: Called Strike
0-1: Foul Ball, location: 2F
0-2: Ball
1-2: Ball
2-2: Ball
3-2: Ground out 4-3 (Groundball, 4S)
Bottom of the 4th over - 2 runs, 2 hits, 0 errors, 1 left on base; Gresham 2 - Houston 4
TOP OF THE 5TH
Gresham Gold Souls batting - Pitching for Houston Hammertime : LHP Martin White
Batting: RHB Augusto Baiano 0-0: Called Strike
0-1: Ball
1-1: Foul Ball, location: 2F
1-2: Ball
2-2: Fly out, F2 (Popup, 3SF)
Batting: LHB Jeff Douglas 0-0: Ball
1-0: Called Strike
1-1: Ball
2-1: Ball
3-1: Base on Balls
Batting: LHB Millard Dye 0-0: Foul Ball, location: 2F
0-1: Foul Ball, location: 2F
0-2: Fly out, F9 (Flyball, 9LM)
Batting: RHB Norm Francis 0-0: Ball
1-0: Ball
2-0: Fly out, F7 (Flyball, 7)
Top of the 5th over - 0 runs, 0 hits, 0 errors, 1 left on base; Gresham 2 - Houston 4
BOTTOM OF THE 5TH
Houston Hammertime batting - Pitching for Gresham Gold Souls : RHP Isaac Coleman
Batting: LHB Francisco Cardenas 0-0: Called Strike
0-1: Ball
1-1: Ball
2-1: Ball
3-1: Base on Balls
Batting: LHB Marcos Cantú 0-0: Swinging Strike
0-1: Swinging Strike
0-2: Ball
1-2: Foul Ball, location: 2F
1-2: Strikes out swinging
Batting: LHB Jeffrey Satterley 0-0: Ball
1-0: Called Strike
1-1: Swinging Strike
1-2: DOUBLE (Line Drive, 7LM)
Francisco Cardenas to third
Batting: RHB Raúl Salas 0-0: Ball
1-0: Ball
2-0: Ball
3-0: Called Strike
3-1: Called Strike
3-2: Foul Ball, location: 2F
3-2: SINGLE (Groundball, 6MD)
Francisco Cardenas scores
Jeffrey Satterley to third
Runner from 3rd tries for Home, SAFE, no throw
Pitching: RHP Bob Bartell
Batting: RHB Santo Cruz 0-0: Ball
1-0: Called Strike
1-1: Ball
2-1: Swinging Strike
2-2: Ball
3-2: Base on Balls
Raúl Salas to second
Batting: LHB António Camacho 0-0: Foul Ball, location: 2F
0-1: SINGLE (Line Drive, 78S)
Raúl Salas to third
Santo Cruz to second
Batting: LHB Enrique Valentín 0-0: Swinging Strike
0-1: Called Strike
0-2: Grounds into double play, 4-2-3 (Groundball, 4M)
Bottom of the 5th over - 2 runs, 3 hits, 0 errors, 2 left on base; Gresham 2 - Houston 6
TOP OF THE 6TH
Gresham Gold Souls batting - Pitching for Houston Hammertime : LHP Martin White
Batting: RHB Jim Villiers 0-0: Called Strike
0-1: Foul Ball, location: 2F
0-2: Foul Ball, location: 2F
0-2: SINGLE (Groundball, 56D)
Batting: RHB Alberto Chávez 0-0: Fielders Choice at 2nd, 3-6 (Groundball, 3)
Batting: RHB Willie Houk 0-0: Ball
1-0: Called Strike
1-1: Ball
2-1: Swinging Strike
2-2: Strikes out swinging
Batting: RHB Robert Marks 0-0: Swinging Strike
0-1: Ball
1-1: Called Strike
1-2: Strikes out swinging
Top of the 6th over - 0 runs, 1 hit, 0 errors, 1 left on base; Gresham 2 - Houston 6
BOTTOM OF THE 6TH
Houston Hammertime batting - Pitching for Gresham Gold Souls : RHP Bob Bartell
Batting: RHB Juan Carlos 0-0: SINGLE (Groundball, 3D)
Batting: RHB Ron Elazar 0-0: Called Strike
0-1: Ball
1-1: SINGLE (Flyball, 7S)
Juan Carlos to second
Batting: LHB Francisco Cardenas 0-0: Ball
1-0: Foul Ball, location: 2F
1-1: Ground out 4-3 (Groundball, 34D)
Juan Carlos to third
Ron Elazar to second
Batting: LHB Marcos Cantú 0-0: Intentional Walk
Batting: LHB Jeffrey Satterley 0-0: Ball
1-0: Foul Ball, location: 2F
1-1: Fly out, F8 (Flyball, 8RS)
Runner from 3rd tags up, SCORES, no throw
Batting: RHB Raúl Salas 0-0: Called Strike
0-1: Swinging Strike
0-2: Ball
1-2: Ball
2-2: Ground out 1-3 (Groundball, 13S)
Bottom of the 6th over - 1 run, 2 hits, 0 errors, 2 left on base; Gresham 2 - Houston 7
TOP OF THE 7TH
Gresham Gold Souls batting - Pitching for Houston Hammertime : LHP Martin White
Pitching: RHP Rodrigo Aguilar
Batting: LHB Ezechiele Bruno 0-0: Swinging Strike
0-1: Ball
1-1: Ball
2-1: Foul Ball, location: 2F
2-2: SINGLE (Groundball, 34D)
Batting: RHB Augusto Baiano 0-0: Ball
1-0: Ball
2-0: Ball
3-0: Base on Balls
Ezechiele Bruno to second
Batting: LHB Jeff Douglas 0-0: Called Strike
0-1: Called Strike
0-2: Strikes out swinging
Batting: LHB Millard Dye 0-0: Called Strike
0-1: Ball
1-1: Ball
2-1: Grounds into double play, 4-6-3 (Groundball, 4)
Top of the 7th over - 0 runs, 1 hit, 0 errors, 1 left on base; Gresham 2 - Houston 7
BOTTOM OF THE 7TH
Houston Hammertime batting - Pitching for Gresham Gold Souls : RHP Bob Bartell
Batting: RHB Santo Cruz 0-0: Ball
1-0: SINGLE (Line Drive, 7S)
Batting: LHB António Camacho 0-0: Swinging Strike
0-1: Called Strike
0-2: Ball
1-2: Ball
2-2: Foul Ball, location: 2F
2-2: Strikes out swinging
Batting: LHB Enrique Valentín 0-0: Ground out 4-3 (Groundball, 4)
Santo Cruz to second
Batting: RHB Juan Carlos 0-0: Called Strike
0-1: Foul Ball, location: 2F
0-2: Ball
1-2: Reached on error, E1 (Groundball, 15)
Santo Cruz scores
Batting: RHB Ron Elazar 0-0: Foul Ball, location: 2F
0-1: 2-RUN HOME RUN (Flyball, 9LD), Distance : 330 ft
Batting: LHB Francisco Cardenas 0-0: Ball
1-0: Ball
2-0: Ball
3-0: Base on Balls
Batting: LHB Marcos Cantú 0-0: Swinging Strike
0-1: Foul Ball, location: 2F
0-2: Ball
1-2: Ball
2-2: DOUBLE (Line Drive, 7LS)
Francisco Cardenas to third
Runner from 3rd tries for Home, SAFE, no throw
Batting: LHB Jeffrey Satterley 0-0: Called Strike
0-1: Ball
1-1: Called Strike
1-2: Ball
2-2: Foul Ball, location: 2F
2-2: DOUBLE (Line Drive, 89D)
Marcos Cantú scores
Batting: RHB Raúl Salas 0-0: Ball
1-0: Called Strike
1-1: Ball
2-1: Ground out 5-3 (Groundball, 56S)
Bottom of the 7th over - 5 runs, 4 hits, 1 error, 1 left on base; Gresham 2 - Houston 12
TOP OF THE 8TH
Gresham Gold Souls batting - Pitching for Houston Hammertime : RHP Rodrigo Aguilar
Batting: RHB Norm Francis 0-0: Ball
1-0: Ball
2-0: Fly out, F6 (Popup, 6D)
Pinch Hitting: LHB Nick Scott 0-0: Ball
1-0: Swinging Strike
1-1: SINGLE (Flyball, 78M)
Batting: RHB Alberto Chávez 0-0: Called Strike
0-1: Ball
1-1: Foul Ball, location: 2F
1-2: Ground out 5-3 (Groundball, 56S)
Nick Scott to second
Batting: RHB Willie Houk 0-0: Fly out, F5 (Popup, 6S)
Top of the 8th over - 0 runs, 1 hit, 0 errors, 1 left on base; Gresham 2 - Houston 12
BOTTOM OF THE 8TH
Houston Hammertime batting - Pitching for Gresham Gold Souls : RHP Bob Bartell
Pitching: RHP Fernando Gutiérrez
Now in RF: Nick Scott
Batting: RHB Santo Cruz 0-0: Called Strike
0-1: Foul Ball, location: 2F
0-2: Foul Ball, location: 2F
0-2: Fly out, F8 (Flyball, 8LS)
Batting: LHB António Camacho 0-0: Fly out, F6 (Popup, 6D)
Batting: LHB Enrique Valentín 0-0: Foul Ball, location: 2F
0-1: Ball
1-1: SINGLE (Groundball, 3D)
Batting: RHB Juan Carlos 0-0: Ball
1-0: Foul Ball, location: 2F
1-1: Ground out 4-3 (Groundball, 4S)
Bottom of the 8th over - 0 runs, 1 hit, 0 errors, 1 left on base; Gresham 2 - Houston 12
TOP OF THE 9TH
Gresham Gold Souls batting - Pitching for Houston Hammertime : RHP Rodrigo Aguilar
Batting: RHB Robert Marks 0-0: Called Strike
0-1: Called Strike
0-2: Ball
1-2: Ball
2-2: TRIPLE (Flyball, 78XD)
Batting: LHB Ezechiele Bruno 0-0: Ground out 1-3 (Groundball, 13)
Batting: RHB Augusto Baiano 0-0: Called Strike
0-1: Ball
Passed Ball!
Robert Marks scores
1-1: Ball
2-1: Ball
3-1: Ground out 1-3 (Groundball, P)
Batting: LHB Jeff Douglas 0-0: Ball
1-0: SINGLE (Line Drive, 89M)
Batting: LHB Millard Dye 0-0: Ball
1-0: Foul Ball, location: 2F
1-1: Ball
2-1: Ball
3-1: Called Strike
3-2: Base on Balls
Jeff Douglas to second
Batting: RHB Norm Francis 0-0: Ball
1-0: Fly out, F3 (Popup, 3SF)
Top of the 9th over - 1 run, 2 hits, 0 errors, 2 left on base; Gresham 3 - Houston 12
Saturday, April 7th, 2018 - OOTP Baseball 18.8 Build 76